ESL (28 & UNDER)
RIO GRANDE RATTLESNAKE @ BUFFALO LIGHTSABRES
06/20/2028
 
TOP OF THE 1ST
Rio Grande Rattlesnake batting - Pitching for Buffalo LightSabres : RHP Jorge Madrigal
Pitching: RHP Jorge Madrigal
Batting: RHB David Suarze 0-0: Ball
1-0: Foul Ball, location: 2F
1-1: Foul Ball, location: 2F
1-2: Strikes out swinging
Batting: RHB Paul Martin 0-0: Ball
1-0: Swinging Strike
1-1: Ball
2-1: Foul Ball, location: 2F
2-2: Ball
3-2: Base on Balls
Batting: RHB Hollis Wood 0-0: Called Strike
0-1: Ball
1-1: Grounds into double play, 5-4-3 (Groundball, 56)
Top of the 1st over - 0 run(s), 0 hit(s), 0 error(s), 0 left on base; Rio Grande 0 - Buffalo 0
BOTTOM OF THE 1ST
Buffalo LightSabres batting - Pitching for Rio Grande Rattlesnake : RHP Manny Silva
Pitching: RHP Manny Silva
Batting: LHB Matt Ruskin 0-0: Ball
1-0: Ground out 4-3 (Groundball, 4)
Batting: RHB Gabriel Ángel 0-0: Ball
1-0: Called Strike
1-1: Ball
2-1: Swinging Strike
2-2: Strikes out swinging
Batting: LHB Garrett King 0-0: Ball
1-0: Swinging Strike
1-1: Ball
2-1: Ball
3-1: Called Strike
3-2: Fly out, F6 (Popup, 6MD)
Bottom of the 1st over - 0 run(s), 0 hit(s), 0 error(s), 0 left on base; Rio Grande 0 - Buffalo 0
TOP OF THE 2ND
Rio Grande Rattlesnake batting - Pitching for Buffalo LightSabres : RHP Jorge Madrigal
Batting: RHB Miguel Hernández 0-0: Ball
1-0: Ball
2-0: Ball
3-0: Base on Balls
Batting: RHB Gilberto Silva 0-0: Foul Ball, location: 2F
0-1: Called Strike
0-2: Ball
1-2: Strikes out swinging
Batting: RHB Joe Courtier 0-0: SINGLE (Line Drive, 89S)
Miguel Hernández to second
Batting: RHB Doug Delaney 0-0: Ball
1-0: Ball
2-0: Called Strike
2-1: Foul Ball, location: 2F
2-2: Foul Ball, location: 2F
2-2: Ball
3-2: Base on Balls
Miguel Hernández to third
Joe Courtier to second
Batting: LHB Alberto Roberts 0-0: Called Strike
0-1: Foul Ball, location: 2F
0-2: Strikes out swinging
Batting: RHB Iván De Jesús 0-0: Foul Ball, location: 2F
0-1: Fly out, F7 (Flyball, 7)
Top of the 2nd over - 0 run(s), 1 hit(s), 0 error(s), 3 left on base; Rio Grande 0 - Buffalo 0
BOTTOM OF THE 2ND
Buffalo LightSabres batting - Pitching for Rio Grande Rattlesnake : RHP Manny Silva
Batting: LHB Zack Payton 0-0: Foul Ball, location: 2F
0-1: Ball
1-1: Ball
2-1: Swinging Strike
2-2: Strikes out looking
Batting: RHB John Warren 0-0: Called Strike
0-1: Ball
1-1: Called Strike
1-2: Foul Ball, location: 2F
1-2: Foul Ball, location: 2F
1-2: Ball
2-2: Foul Ball, location: 2F
2-2: Strikes out looking
Batting: LHB Craig Kenney 0-0: Fly out, F3 (Popup, 34)
Bottom of the 2nd over - 0 run(s), 0 hit(s), 0 error(s), 0 left on base; Rio Grande 0 - Buffalo 0
TOP OF THE 3RD
Rio Grande Rattlesnake batting - Pitching for Buffalo LightSabres : RHP Jorge Madrigal
Batting: RHB David Suarze 0-0: Ball
1-0: Called Strike
1-1: SINGLE (Line Drive, 6MD)
Batting: RHB Paul Martin 0-0: Ball
1-0: Called Strike
1-1: Ball
2-1: Foul Ball, location: 2F
2-2: Ball
3-2: Strikes out swinging
Batting: RHB Hollis Wood 0-0: Ball
1-0: Called Strike
1-1: SINGLE (Line Drive, 4MD)
David Suarze to second
Batting: RHB Miguel Hernández 0-0: Called Strike
Hollis Wood steals 2nd base
David Suarze to third
0-1: Ball
1-1: Foul Ball, location: 2F
1-2: Ball
2-2: Ball
3-2: Fly out, F8 (Flyball, 8LD)
Runner from 3rd tags up, SCORES, no throw
Hollis Wood to third
Batting: RHB Gilberto Silva 0-0: Ball
1-0: Ball
2-0: Called Strike
2-1: Swinging Strike
2-2: Fly out, F3 (Popup, 3L)
Top of the 3rd over - 1 run(s), 2 hit(s), 0 error(s), 1 left on base; Rio Grande 1 - Buffalo 0
BOTTOM OF THE 3RD
Buffalo LightSabres batting - Pitching for Rio Grande Rattlesnake : RHP Manny Silva
Batting: LHB Leslie Adams 0-0: Ball
1-0: Ball
2-0: SINGLE (Line Drive, 34D)
Batting: RHB Augusto Padilla 0-0: Called Strike
0-1: Grounds into double play, 6-4-3 (Groundball, 6)
Batting: RHB Pedro Romero 0-0: Called Strike
0-1: Called Strike
0-2: Foul Ball, location: 2F
0-2: Foul Ball, location: 2F
0-2: Ball
1-2: Ball
2-2: Strikes out swinging
Bottom of the 3rd over - 0 run(s), 1 hit(s), 0 error(s), 0 left on base; Rio Grande 1 - Buffalo 0
TOP OF THE 4TH
Rio Grande Rattlesnake batting - Pitching for Buffalo LightSabres : RHP Jorge Madrigal
Batting: RHB Joe Courtier 0-0: Called Strike
0-1: Ball
1-1: Ball
2-1: SINGLE (Line Drive, 8LS)
Batting: RHB Doug Delaney 0-0: Called Strike
0-1: Called Strike
0-2: Ball
Joe Courtier steals 2nd base
1-2: Strikes out swinging
Batting: LHB Alberto Roberts 0-0: Called Strike
0-1: Ball
1-1: SINGLE (Line Drive, 56)
Joe Courtier to third
Runner from 3rd tries for Home, SAFE, throw made home
Alberto Roberts to second
Batting: RHB Iván De Jesús 0-0: Called Strike
0-1: Ground out 4-3 (Groundball, 4M)
Alberto Roberts to third
Batting: RHB David Suarze 0-0: Ball
1-0: Ball
2-0: Foul Ball, location: 2F
2-1: Fly out, F8 (Flyball, 8RS)
Top of the 4th over - 1 run(s), 2 hit(s), 0 error(s), 1 left on base; Rio Grande 2 - Buffalo 0
BOTTOM OF THE 4TH
Buffalo LightSabres batting - Pitching for Rio Grande Rattlesnake : RHP Manny Silva
Batting: LHB Matt Ruskin 0-0: Ball
1-0: Bunt for hit - play at first, batter OUT! 1-3
Batting: RHB Gabriel Ángel 0-0: Ball
1-0: Ball
2-0: SOLO HOME RUN (Flyball, 7D), Distance : 390 ft
Batting: LHB Garrett King 0-0: SINGLE (Line Drive, 8LS)
Batting: LHB Zack Payton 0-0: Called Strike
0-1: Foul Ball, location: 2F
0-2: Foul Ball, location: 2F
0-2: Ball
1-2: Foul Ball, location: 2F
1-2: Foul Ball, location: 2F
1-2: Ball
Passed Ball!
Garrett King to second
2-2: Foul Ball, location: 2F
2-2: Foul Ball, location: 2F
2-2: SINGLE (Line Drive, 8RS)
Garrett King to third
Batting: RHB John Warren 0-0: Ball
Pickoff Throw by Catcher to First - Error! E2
Garrett King scores
Zack Payton to second
1-0: Called Strike
1-1: Fly out, F9 (Flyball, 9S)
Batting: LHB Craig Kenney 0-0: Ball
1-0: Ball
2-0: Ball
3-0: Called Strike
3-1: Foul Ball, location: 2F
3-2: Fly out, F8 (Flyball, 8LM)
Bottom of the 4th over - 2 run(s), 3 hit(s), 1 error(s), 1 left on base; Rio Grande 2 - Buffalo 2
TOP OF THE 5TH
Rio Grande Rattlesnake batting - Pitching for Buffalo LightSabres : RHP Jorge Madrigal
Batting: RHB Paul Martin 0-0: Ground out 1-3 (Groundball, P)
Batting: RHB Hollis Wood 0-0: Ball
1-0: Ball
2-0: Called Strike
2-1: Foul Ball, location: 2F
2-2: Foul Ball, location: 2F
2-2: Ball
3-2: Ground out 6-3 (Groundball, 6M)
Batting: RHB Miguel Hernández 0-0: Called Strike
0-1: SOLO HOME RUN (Flyball, 78XD), Distance : 407 ft
Batting: RHB Gilberto Silva 0-0: Swinging Strike
0-1: SINGLE (Flyball, 78S)
Batting: RHB Joe Courtier 0-0: Ball
1-0: TRIPLE (Line Drive, 89D)
Gilberto Silva scores
Batting: RHB Doug Delaney 0-0: Foul Ball, location: 2F
0-1: Ground out 6-3 (Groundball, 56)
Top of the 5th over - 2 run(s), 3 hit(s), 0 error(s), 1 left on base; Rio Grande 4 - Buffalo 2
BOTTOM OF THE 5TH
Buffalo LightSabres batting - Pitching for Rio Grande Rattlesnake : RHP Manny Silva
Batting: LHB Leslie Adams 0-0: Ground out 4-3 (Groundball, 34)
Batting: RHB Augusto Padilla 0-0: SOLO HOME RUN (Flyball, 8LD), Distance : 402 ft
Batting: RHB Pedro Romero 0-0: Swinging Strike
0-1: Called Strike
0-2: Strikes out looking
Batting: LHB Matt Ruskin 0-0: Ball
1-0: Ball
2-0: Ball
3-0: Called Strike
3-1: Foul Ball, location: 2F
3-2: Strikes out looking
Bottom of the 5th over - 1 run(s), 1 hit(s), 0 error(s), 0 left on base; Rio Grande 4 - Buffalo 3
TOP OF THE 6TH
Rio Grande Rattlesnake batting - Pitching for Buffalo LightSabres : RHP Jorge Madrigal
Batting: LHB Alberto Roberts 0-0: Ball
1-0: Ball
2-0: Ball
3-0: Called Strike
3-1: Called Strike
3-2: Foul Ball, location: 2F
3-2: Foul Ball, location: 2F
3-2: Base on Balls
Pitching: LHP Mike O'Brien
Batting: RHB Iván De Jesús 0-0: Foul Ball, location: 2F
0-1: Ball
1-1: Grounds into double play, 1-6-3 (Groundball, 13S)
Batting: RHB David Suarze 0-0: Called Strike
0-1: Called Strike
0-2: Ball
1-2: Ball
2-2: Ball
3-2: Foul Ball, location: 2F
3-2: Foul Ball, location: 2F
3-2: Base on Balls
Batting: RHB Paul Martin 0-0: Ball
David Suarze is caught stealing 2nd base
Top of the 6th over - 0 run(s), 0 hit(s), 0 error(s), 0 left on base; Rio Grande 4 - Buffalo 3
BOTTOM OF THE 6TH
Buffalo LightSabres batting - Pitching for Rio Grande Rattlesnake : RHP Manny Silva
Batting: RHB Gabriel Ángel 0-0: Foul Ball, location: 2F
0-1: Ball
1-1: Foul Ball, location: 2F
1-2: Ball
2-2: Ball
3-2: Ground out 4-3 (Groundball, 4)
Batting: LHB Garrett King 0-0: Fly out, F8 (Flyball, 78D)
Batting: LHB Zack Payton 0-0: Foul Ball, location: 2F
0-1: Ball
1-1: Ground out 6-3 (Groundball, 6S)
Bottom of the 6th over - 0 run(s), 0 hit(s), 0 error(s), 0 left on base; Rio Grande 4 - Buffalo 3
TOP OF THE 7TH
Rio Grande Rattlesnake batting - Pitching for Buffalo LightSabres : LHP Mike O'Brien
Batting: RHB Paul Martin 0-0: Called Strike
0-1: Hit by Pitch
Batting: RHB Hollis Wood 0-0: Ball
1-0: Ball
2-0: Ball
3-0: Base on Balls
Paul Martin to second
Batting: RHB Miguel Hernández 0-0: SINGLE (Groundball, 56D)
Paul Martin to third
Hollis Wood to second
Batting: RHB Gilberto Silva 0-0: Called Strike
0-1: Ball
1-1: Grounds into fielders choice 6-2 (Groundball, 6)
Hollis Wood to third
Miguel Hernández to second
Batting: RHB Joe Courtier 0-0: Ball
1-0: Ball
2-0: Foul Ball, location: 2F
2-1: SINGLE (Groundball, 56) (infield hit)
Hollis Wood scores
Miguel Hernández to third
Gilberto Silva to second
Pinch Hitting: RHB Jeff Bane 0-0: Ball
1-0: Ball
2-0: Foul Ball, location: 2F
2-1: Foul Ball, location: 2F
2-2: Ball
3-2: Base on Balls
Miguel Hernández scores
Gilberto Silva to third
Joe Courtier to second
Pitching: LHP Bobby MacGruder
Batting: LHB Alberto Roberts 0-0: Ball
1-0: Ball
2-0: Fly out, F7 (Flyball, 7S)
Batting: RHB Iván De Jesús 0-0: Ball
1-0: Foul Ball, location: 2F
1-1: Called Strike
1-2: Ball
2-2: Ball
3-2: Base on Balls
Gilberto Silva scores
Joe Courtier to third
Jeff Bane to second
Batting: RHB David Suarze 0-0: Called Strike
0-1: Fielders Choice at 2nd, 6-4 (Groundball, 6)
Top of the 7th over - 3 run(s), 2 hit(s), 0 error(s), 2 left on base; Rio Grande 7 - Buffalo 3
BOTTOM OF THE 7TH
Buffalo LightSabres batting - Pitching for Rio Grande Rattlesnake : RHP Manny Silva
Now in CF: Jeff Bane
Batting: RHB John Warren 0-0: Called Strike
0-1: Ground out U3 (Groundball, 34)
Batting: LHB Craig Kenney 0-0: Called Strike
0-1: Ball
1-1: Foul Ball, location: 2F
1-2: Ball
2-2: Ball
3-2: Foul Ball, location: 2F
3-2: Hit by Pitch
Pinch Runner at 1st Mario Solís:
Batting: LHB Leslie Adams 0-0: Swinging Strike
0-1: Called Strike
0-2: Reached on error, E1 (Groundball, 13S)
Mario Solís to second
Pitching: RHP Albert Gonzáles
Batting: RHB Augusto Padilla 0-0: Foul Ball, location: 2F
0-1: Ball
1-1: Ground out 3-1 (Groundball, 34S)
Mario Solís to third
Leslie Adams to second
Batting: RHB Pedro Romero 0-0: Called Strike
0-1: Called Strike
0-2: Ball
1-2: Strikes out swinging
Bottom of the 7th over - 0 run(s), 0 hit(s), 1 error(s), 2 left on base; Rio Grande 7 - Buffalo 3
TOP OF THE 8TH
Rio Grande Rattlesnake batting - Pitching for Buffalo LightSabres : LHP Bobby MacGruder
Now in RF: Mario Solís
Batting: RHB Paul Martin 0-0: Ball
1-0: Ball
2-0: Called Strike
2-1: Ground out 5-3 (Groundball, 56)
Batting: RHB Hollis Wood 0-0: Ground out 4-3 (Groundball, 4)
Batting: RHB Miguel Hernández 0-0: Ball
1-0: Ball
2-0: Ball
3-0: Called Strike
3-1: Called Strike
3-2: Base on Balls
Batting: RHB Gilberto Silva 0-0: Ball
Miguel Hernández steals 2nd base
1-0: Reached on error, E5 (Groundball, 56)
Miguel Hernández scores
Batting: RHB Joe Courtier 0-0: Called Strike
0-1: Fly out, F9 (Flyball, 9LM)
Top of the 8th over - 1 run(s), 0 hit(s), 1 error(s), 1 left on base; Rio Grande 8 - Buffalo 3
BOTTOM OF THE 8TH
Buffalo LightSabres batting - Pitching for Rio Grande Rattlesnake : RHP Albert Gonzáles
Now at C: Cristián Román
Batting: LHB Matt Ruskin 0-0: Ball
1-0: Ground out 1-3 (Groundball, 13S)
Batting: RHB Gabriel Ángel 0-0: Ball
1-0: Ball
2-0: Ball
3-0: Base on Balls
Batting: LHB Garrett King 0-0: Called Strike
0-1: Ball
1-1: Foul Ball, location: 2F
1-2: Ball
2-2: Ball
3-2: Fielders Choice at 2nd, 6-4 (Groundball, 56)
Batting: LHB Zack Payton 0-0: Foul Ball, location: 2F
0-1: Fielders Choice at 2nd, 4-6 (Groundball, 4)
Bottom of the 8th over - 0 run(s), 0 hit(s), 0 error(s), 0 left on base; Rio Grande 8 - Buffalo 3
TOP OF THE 9TH
Rio Grande Rattlesnake batting - Pitching for Buffalo LightSabres : LHP Bobby MacGruder
Batting: RHB Jeff Bane 0-0: Fly out, F7 (Line Drive, 78M)
Batting: LHB Alberto Roberts 0-0: Ball
1-0: Called Strike
1-1: Ball
2-1: Swinging Strike
2-2: Ball
3-2: Foul Ball, location: 2F
3-2: Foul Ball, location: 2F
3-2: Strikes out swinging
Batting: RHB Iván De Jesús 0-0: Called Strike
0-1: Ground out 4-3 (Groundball, 4)
Top of the 9th over - 0 run(s), 0 hit(s), 0 error(s), 0 left on base; Rio Grande 8 - Buffalo 3
BOTTOM OF THE 9TH
Buffalo LightSabres batting - Pitching for Rio Grande Rattlesnake : RHP Albert Gonzáles
Pitching: RHP Juan Gutiérrez
Now at 3B: Juan López
Now at SS: Jeremy Holmes
Batting: RHB John Warren 0-0: Ball
1-0: Foul Ball, location: 2F
1-1: Called Strike
1-2: Ball
2-2: Strikes out swinging
Batting: RHB Mario Solís 0-0: Ball
1-0: Called Strike
1-1: Foul Ball, location: 2F
1-2: Strikes out looking
Batting: LHB Leslie Adams 0-0: Ball
1-0: Ball
2-0: Called Strike
2-1: Called Strike
2-2: Strikes out looking
Bottom of the 9th over - 0 run(s), 0 hit(s), 0 error(s), 0 left on base; Rio Grande 8 - Buffalo 3
Tuesday, August 8th, 2017 - OOTP Baseball 17.12 Build 75